 Dungeon Crawl Stone Soup version 0.31-a0-4-gefa6de2278 (webtiles) character file.

Game seed: 10049669764738879193

95 Pimp the Chiller (level 4, 0/31 HPs)
             Began as a Demonspawn Ice Elementalist on May 4, 2023.
             Slain by an orc wizard
             ... wielding a +0 spear
              (4 damage)
             ... on level 3 of the Dungeon.
             The game lasted 00:05:11 (2137 turns).

Pimp the Chiller (Demonspawn Ice Elementalist)      Turns: 2137, Time: 00:05:14

Health: 0/31       AC:  6    Str:  8    XL:     4   Next: 40%
Magic:  7/7        EV: 12    Int: 18    God:
Gold:   147        SH:  4    Dex: 18    Spells: 4/8 levels left

rFire   . . .        n - +0 dagger (venom)
rCold   . . .        p - +0 buckler
rNeg    . . .        a - +0 robe
rPois   .            m - +0 helmet
rElec   .            (no cloak)
rCorr   .            i - +0 pair of gloves
SInv    .            e - +1 pair of boots
Will    .....        (no amulet)
Stlth   ++++         (no ring)
HPRegen 0.25/turn    (no ring)
MPRegen 0.10/turn

%: no passive effects
@: no status effects
A: thin skeletal structure 2
a: no special abilities


You were on level 3 of the Dungeon.
You visited 1 branch of the dungeon, and saw 3 of its levels.

You collected 147 gold pieces.

Inventory:

Hand Weapons
 n - a +0 dagger of venom (weapon)
Armour
 a - a +0 robe (worn)
 e - a +1 pair of boots (worn)
 i - a +0 pair of gloves (worn)
 m - a +0 helmet (worn)
 p - a +0 buckler (worn)
Scrolls
 c - a scroll of brand weapon {unknown}
 d - 2 scrolls of noise {unknown}
 f - a scroll of enchant armour {unknown}
 g - 2 scrolls of identify {unknown}
 k - a scroll of blinking {unknown}
 l - a scroll of fog {unknown}
 q - a scroll of fear {unknown}
 s - a scroll of summoning {unknown}
Potions
 b - a potion of magic
 o - a potion of flight
 r - a potion of curing {unknown}


   Skills:
 + Level 0.6 Fighting
 + Level 0.6 Armour
 + Level 2.4 Dodging
 + Level 2.6 Stealth
 + Level 0.0 Shields
 + Level 2.6 Spellcasting
 + Level 4.1 Ice Magic


You had 4 spell levels left.
You knew the following spells:

 Your Spells              Type           Power      Damage    Failure   Level
a - Freeze                Ice            68%        1d8       4%          1
b - Frozen Ramparts       Ice            34%        1d6       16%         3

Your spell library contained the following spells:

 Spells                   Type           Power      Damage    Failure   Level
 Ozocubu's Armour         Ice            17%        N/A       16%         3
 Summon Ice Beast         Ice/Summ       9%         N/A       75%         4


Dungeon Overview and Level Annotations

Branches:
Dungeon (3/15)

Altars:
Cheibriados


Innate Abilities, Weirdness & Mutations

You have a moderately thin skeletal structure. (Dex +4, Stealth++)


Message History

The orc wizard mumbles some strange words.
The orc wizard flickers and vanishes!
Deactivating autopickup; reactivate with Ctrl-A.
The orc priest moves out of view.
Found 7 stones.
Something barely misses you.
You barely miss the orc. Something hits you but does no damage.
The orc hits you with a +0 whip. Something hits you.
The orc priest shouts!
You hit the orc priest but do no damage.
Something hits you but does no damage. The orc closely misses you.
The orc priest hits you with a +0 flail.
You hit the orc priest but do no damage.
The orc priest is poisoned.
The orc hits you with a +0 whip.
The orc priest hits you with a +0 flail.
Something barely misses you.
You hit the orc priest.
The orc priest looks as sick as possible!
The orc priest is lightly wounded.
The orc hits you with a +0 whip.
* * * LOW HITPOINT WARNING * * *
The orc priest hits you with a +0 flail.
* * * LOW HITPOINT WARNING * * *
Something hits you.
* * * LOW HITPOINT WARNING * * *
It was a potion of invisibility.
You fade into invisibility!
The orc priest barely misses you. Something hits you.
* * * LOW HITPOINT WARNING * * *
You block the orc's attack.
It was a potion of flight.
You feel very buoyant.
You fly up into the air.
The orc barely misses you. You block the orc priest's attack.
Something hits you but does no damage.
It was a potion of cancellation.
Your magical effects are unravelling.
You feel magically purged.
You float gracefully downwards.
You flicker back into view.
You block the orc's attack. The orc priest barely misses you.
Something hits you.
You die...

... ...# #... ..... ...#
#... .....#########.#
#... ...............#
#.##
.(.............######.##
........................
........................
......{.................
......o@o.....#.........
..............#.........
...<....).....#.........
..............#.........
....###..######.........
#... ..... #########.
#.. ...... #. #. .....#.
#. . ##


You could see an orc priest (very poisoned) and an orc.

Vanquished Creatures
  2 adders (D:2)
  A gnoll (D:1)
  2 dart slugs
  11 bats
  4 endoplasms
  2 giant cockroaches
  9 goblins
  5 hobgoblins
  4 jackals (D:2)
  A quokka (D:3)
  5 ball pythons
  8 kobolds
  6 rats
60 creatures vanquished.

Notes
Turn   | Place    | Note
-------+----------+-------------------------------------------
     0 | D:1      | Pimp the Demonspawn Ice Elementalist began the quest for
                  | the Orb.
     0 | D:1      | Reached XP level 1. HP: 13/13 MP: 3/3
    25 | D:1      | Gained mutation: You have a somewhat thin skeletal
                  | structure. (Dex +2, Stealth+) [demonic ancestry]
    25 | D:1      | Reached XP level 2. HP: 19/19 MP: 0/5
   553 | D:1      | Gained mutation: You have a moderately thin skeletal
                  | structure. (Dex +4, Stealth++) [demonic ancestry]
   553 | D:1      | Reached XP level 3. HP: 24/24 MP: 2/6
   558 | D:1      | Learned a level 3 spell: Frozen Ramparts
  1226 | D:2      | Reached skill level 4 in Ice Magic
  1238 | D:2      | Reached XP level 4. HP: 24/31 MP: 7/7
  1943 | D:3      | Found a snail-covered altar of Cheibriados.
  2137 | D:3      | Slain by an orc wizard

Illustrated notes

Levels and vault maps discovered:
D:1:      mushboom_english_gardens, layout_basic
D:2:      layout_loops_ring
D:3:      layout_basic, cheibriados_altar_1

Skill      XL: |  1  2  3 |
---------------+----------+-----
Dodging        | 2 |  2.4
Stealth        | 2 |  2.6
Ice Magic      | 4 |  4.1
Fighting       | |  0.6
Armour         | |  0.6
Spellcasting   | |  2.6

Action                     |  1- 3 |  4- 6 || total
---------------------------+-------+-------++-------
  Melee: Unarmed           |    21 |       ||    21
         Dagger            |    33 |    48 ||    81
   Cast: Freeze            |    35 |       ||    35
         Frozen Ramparts   |     1 |     1 ||     2
    Use: Potion            |     2 |     3 ||     5
   Stab: Sleeping          |     3 |     9 ||    12
 Armour: Robe              |    17 |    12 ||    29
  Dodge: Dodged            |    69 |    36 ||   105
  Block: Buckler           |       |     7 ||     7

Table legend: (Time is in decaauts)
 A = Elapsed time spent in this place.
 B = Non-inter-level travel time spent in this place.
 C = Inter-level travel time spent in this place.
 D = Time resting spent in this place.
 E = Time spent auto-exploring this place.
 F = Levels seen in this place.
 G = Mean time per level.
                   A        B        C        D        E       F      G
               +--------+--------+--------+--------+--------+-----+--------+
         Total |   2138 |   2071 |     67 |    190 |   1327 |   3 |  712.7 |
       Dungeon |   2138 |   2071 |     67 |    190 |   1327 |   3 |  712.7 |
               +--------+--------+--------+--------+--------+-----+--------+

Top non-repeatable levels by time:
     D:1: 1054 daAuts
     D:2: 812 daAuts
     D:3: 272 daAuts
